 Dungeon Crawl Stone Soup version 0.19.0 (webtiles) character file.

33782 edsrzf the Spear-Bearer (level 14, -14/106 HPs)
             Began as a Formicid Necromancer on Nov 19, 2016.
             Was a High Priest of Lugonu.
             Killed from afar by Josephine (27 damage)
             ... with a ghostly fireball
             ... on level 6 of the Lair of Beasts.
             The game lasted 01:23:00 (20107 turns).

edsrzf the Spear-Bearer (Formicid Necromancer)     Turns: 20107, Time: 01:23:00

Health: -14/106    AC: 10    Str: 18    XL:     14   Next: 9%
Magic:  25/27      EV: 11    Int: 25    God:    Lugonu [*****.]
Gold:   1545       SH: 17    Dex: 14    Spells: 5 memorised, 21 levels left

rFire  . . .     SeeInvis +     k - +5 scythe "Finisher" {speed, Str+3}
rCold  . . .     Gourm    .     y - +2 leather armour "Xebbo" {rElec rPois MR+ Dex+3}
rNeg   . . .     Faith    .     Y - +2 shield
rPois  +         Spirit   .     (helmet unavailable)
rElec  +         Reflect  +     C - +0 cloak (curse)
rCorr  .         Harm     .     (no gloves)
MR     ++...                    (no boots)
Stlth  +.........               I - +4 amulet of reflection
                                A - ring of Egalitarianism {Int+7 Stlth-}
                                T - +4 ring of protection

@: drained
A: permanent stasis, dig shafts and tunnels, four strong arms, antennae 3
a: Dig, Shaft Self, Depart the Abyss, Bend Space, Banish, Corrupt, Enter the
Abyss, Renounce Religion


You were on level 6 of the Lair of Beasts.
You worshipped Lugonu.
Lugonu was extremely pleased with you.
You were not hungry.

You visited 2 branches of the dungeon, and saw 16 of its levels.
You also visited: Labyrinth and Bailey.

You collected 1545 gold pieces.

Inventory:

Hand Weapons
 a - a +2 quarterstaff of chaos
 k - the +5 scythe "Finisher" (weapon) {speed, Str+3}
   (You found it on level 10 of the Dungeon)

   Attacks with this weapon are significantly faster.
   It affects your strength (+3).
 v - a +0 dagger of venom
 K - a +0 bardiche
Missiles
 d - 87 poisoned needles
 z - 7 needles of frenzy
 L - 3 throwing nets {=f}
 N - 4 needles of confusion
Armour
 y - the +2 leather armour "Xebbo" (worn) {rElec rPois MR+ Dex+3}
   (You found it on level 5 of the Dungeon)

   It affects your dexterity (+3).
   It insulates you from electricity.
   It protects you from poison.
   It affects your resistance to hostile enchantments.
 C - a cursed +0 cloak (worn)
 J - the +2 cloak of the Thief {+Fog Slay-2 SInv Stlth+}
   (You found it in a labyrinth)

   It affects your accuracy and damage with ranged weapons and melee attacks
   (-2).
   It lets you see invisible.
   It can be evoked to emit clouds of fog.
   It makes you more stealthy.
 Y - a +2 shield (worn)
Jewellery
 f - an uncursed ring of ice
 h - an uncursed ring of stealth
 j - an uncursed ring of protection from cold
 l - an uncursed ring of flight
 p - an uncursed ring of protection from cold
 t - an uncursed amulet of magic regeneration
 A - the ring of Egalitarianism (right hand) {Int+7 Stlth-}
   (You found it on level 5 of the Dungeon)

   [ring of loudness]

   It affects your intelligence (+7).
   It makes you less stealthy.
 D - an uncursed ring of protection from fire
 I - a +4 amulet of reflection (around neck)
 T - a +4 ring of protection (left hand)
 X - a +3 ring of evasion
Wands
 g - a wand of digging (16/24)
 B - a wand of acid (5/15)
 E - a wand of polymorph (15/24)
 F - a wand of lightning (11/15)
 G - a wand of flame (27/48)
 Q - a wand of flame (1/48)
 V - a wand of random effects (24/48)
Scrolls
 e - 8 scrolls of remove curse {@r2}
 o - a scroll of recharging {@r4}
 x - a scroll of vulnerability
 R - a scroll of amnesia
 U - a scroll of magic mapping
Potions
 s - a potion of lignification
 u - 2 potions of flight
 O - a potion of resistance
 W - a potion of magic {unknown}
Books
 b - a book of Necromancy
 w - a book of Maledictions
 P - a book of Flames
 S - a book of Transfigurations
Miscellaneous
 M - a sack of spiders
Comestibles
 c - 14 bread rations
 i - 5 fruits
 n - 4 meat rations
 H - 9 slices of pizza


   Skills:
 + Level 8.6(7.3) Fighting
 * Level 11.4(10.0) Polearms
 - Level 3.7(2.6) Armour
 - Level 1.7(0.7) Dodging
 - Level 2.4(1.3) Stealth
 - Level 9.1(7.7) Shields
 - Level 9.6(8.3) Spellcasting
 - Level 4.0(2.9) Charms
 - Level 11.0(9.6) Necromancy
 - Level 10.1(8.7) Invocations


You had 21 spell levels left.
You knew the following spells:

 Your Spells              Type           Power        Failure   Level  Hunger
a - Animate Skeleton      Necr           N/A          1%          1    None
c - Confuse               Hex            ##......     28%         3    None
r - Regeneration          Chrm/Necr      #####.....   2%          3    None
v - Vampiric Draining     Necr           ######....   1%          3    None
X - Pain                  Necr           ####         1%          1    None


Dungeon Overview and Level Annotations

Branches:
Dungeon (11/15)            Temple (0/1) D:7            Lair (4/6) D:11
  Swamp (0/4) Lair:4        Snake (0/4) Lair:3          Orc (0/2) D:9

Altars:
Cheibriados
Dithmenos
Gozag
Makhleb
Ru
Lugonu

Portals:
Trove: D:10 (give +6 fire dragon scales)

Annotations:
D:2 1 exclusion
D:6 Blork the orc
Lair:6 Josephine; RexxRaptorr's ghost, journeyman FoFi
Abyss:1 Psyche


Innate Abilities, Weirdness & Mutations

You are under a permanent stasis effect.
You can dig through walls and to a lower floor.
Your four strong arms can wield two-handed weapons with a shield.
You have a pair of large antennae on your head. (SInv)


Message History

You hit the wraith.
The wraith is lightly damaged.
You block the wraith's attack.
You barely miss Josephine. You block Josephine's attack.
You block the wraith's attack.
You barely miss Josephine. Josephine hits you with a dagger.
You block the wraith's attack.
Press: ? - help, v - describe, . - travel
Here: Josephine, wielding a dagger and wearing a glowing robe The floor.
Unknown command.
You slash Josephine!
Josephine is lightly wounded.
You block Josephine's attack. You block the wraith's attack.
You slash Josephine!
Josephine is moderately wounded.
You block Josephine's attack. You block the wraith's attack.
Press: ? - help, v - describe, . - travel The floor.
Casting: Pain
Confirm with . or Enter, or press ? or * to list all spells.
Aiming: Vampiric Draining
Press: ? - help, Shift-Dir - straight line, f - Josephine
Aim: Josephine, wielding a dagger and wearing a glowing robe (moderately wounded)
Okay, then.
Unknown command.
Casting: Vampiric Draining
Confirm with . or Enter, or press ? or * to list all spells.
Okay, then.
Unknown command.
You hit Josephine.
Josephine is moderately wounded.
Josephine hits you with a dagger. You block the wraith's attack.
Casting: Vampiric Draining
Confirm with . or Enter, or press ? or * to list all spells.
Aiming: Vampiric Draining
Press: ? - help, Shift-Dir - straight line, f - Josephine
Aim: Josephine, wielding a dagger and wearing a glowing robe (moderately wounded)
Okay, then.
Unknown command.
Unknown command.
Casting: Vampiric Draining
Confirm with . or Enter, or press ? or * to list all spells.
Aiming: Vampiric Draining
Press: ? - help, Shift-Dir - straight line, f - Josephine
Aim: Josephine, wielding a dagger and wearing a glowing robe (moderately wounded) Nothing appears to happen.
You block Josephine's attack. The wraith hits you but does no damage.
You slash Josephine!
Josephine is heavily wounded.
Josephine barely misses you. The wraith completely misses you.
You slash Josephine!
Josephine is heavily wounded.
Josephine points at you and mumbles some strange words.
The ghostly flame explodes!
The ghostly fireball engulfs you!
You feel drained.
The ghostly fireball engulfs Josephine.
Josephine completely resists.
The ghostly fireball engulfs the wraith.
The wraith completely resists.
The wraith hits you but does no damage.
You closely miss Josephine.
Josephine is heavily wounded.
Josephine hits you with a dagger. You block the wraith's attack.
You barely miss Josephine.
Josephine is heavily wounded.
Josephine hits you but does no damage. You block the wraith's attack.
You slice Josephine!!
Josephine is almost dead.
Josephine is infused with unholy energy.
Josephine draws life force from you and is healed!
The wraith hits you but does no damage.
You hit Josephine but do no damage.
Josephine is severely wounded.
Josephine is infused with unholy energy.
Josephine draws life force from you and is healed!
You block the wraith's attack.
You slice Josephine!!
Josephine is almost dead.
Josephine is infused with unholy energy.
* * * LOW HITPOINT WARNING * * *
Josephine draws life force from you and is healed!
The wraith hits you!
* * * LOW HITPOINT WARNING * * *
The wraith drains your vigour!
Your stasis keeps you stable.
Okay, then.
Unknown command.
Press: ? - help, Shift-Dir - straight line, f/p - Josephine
Aim: Josephine, wielding a dagger and wearing a glowing robe (severely wounded, chance to defeat MR: 57%)
Okay, then.
Unknown command.
Okay, then.
Okay, then.
Evoke which item? (* to show all) (? for menu, Esc to quit)
Okay, then.
Okay, then.
Space bends around you!
You blink.
* * * LOW HITPOINT WARNING * * *
A black mamba comes into view.
Josephine gestures at you while chanting.
The ghostly flame explodes!
The ghostly fireball engulfs you!
You feel drained.
You die...

...........
#..........#
##...........
#............
##...........#
#...........#.
###........P...
##......#....P#
#.@........#### .
####........###
..#.#.#.......##
........S.W....##
..........##.#..##
.........#@#...PP##.
.........§W.........
....................
...P..#.............


You could see Josephine, a black mamba and 2 wraiths.

Vanquished Creatures
  Snorg (Lair:3)
  A minotaur (Lab)
  Fannar (Lair:2)
  3 catoblepae (Lair:6)
  10 death yaks (Lair:6)
  An unseen horror (D:11)
  An ugly thing (D:11)
  3 elephants (Lair:3)
  A manticore (D:11)
  A centaur zombie (D:11)
  2 black mambas
  8 spiny frogs
  A torpor snail (Lair:6)
  3 rime drakes (Lair:1)
  3 komodo dragons
  2 polar bears (Lair:3)
  A hornet (D:7)
  A two-headed ogre (D:10)
  6 blink frogs
  4 hippogriffs
  20 yaks
  6 wraiths
  2 wyverns
  A human (D:9)
  6 vampire mosquitoes (Lair:4)
  A naga (Lair:3)
  6 water moccasins
  2 porcupines (Lair:3)
  4 orc warriors
  An eye of draining (D:4)
  A phantom (D:9)
  2 sky beasts
  A black bear (Lair:1)
  3 ogres
  4 ice beasts
  11 crocodiles
  6 centaurs
  3 big kobolds
  8 gnoll sergeants (Bailey)
  3 bullfrogs
  A wyvern zombie (D:10)
  3 jellies
  6 killer bees (D:8)
  3 wights (D:8)
  2 howler monkeys
  A bullfrog zombie (D:5)
  2 crimson imps (D:8)
  12 hounds
  3 orc priests
  2 centaur skeletons
  Crazy Yiuf (D:6)
  2 bullfrog skeletons
  6 gnoll shamans (Bailey)
  5 iguanas
  9 orc wizards
  7 worker ants
  A howler monkey zombie (D:9)
  A worker ant zombie (D:6)
  Robin (D:3)
  21 gnolls
  9 adders
  A howler monkey skeleton (D:4)
  2 river rats (D:11)
  3 shadow imps
  An adder zombie (D:7)
  3 worms
  3 dart slugs
  A leopard gecko (D:1)
  29 orcs
  A ball python (D:2)
  13 bats
  3 giant cockroaches
  12 hobgoblins
  9 jackals
  15 kobolds
  5 quokkas
  4 frilled lizards
  A giant cockroach zombie (D:6)
  13 goblins
  A jackal skeleton (D:6)
  2 leopard gecko skeletons
  11 rats
376 creatures vanquished.

Vanquished Creatures (collateral kills)
  A hydra (Lair:3)
  An orc warrior (D:11)
  An adder (D:11)
3 creatures vanquished.

Vanquished Creatures (others)
  2 hydras
  A hippogriff (D:10)
  A wraith (D:10)
  20 fungi
  11 plants
35 creatures vanquished.

Grand Total: 414 creatures vanquished

Notes
Turn   | Place    | Note
-------+----------+-------------------------------------------
     0 | D:1      | edsrzf the Formicid Necromancer began the quest for the Orb.
     0 | D:1      | Reached XP level 1. HP: 13/13 MP: 3/3
   157 | D:1      | Reached XP level 2. HP: 14/19 MP: 0/5
   913 | D:1      | Reached XP level 3. HP: 21/24 MP: 1/6
  1275 | D:2      | You fall through a shaft!
  1574 | D:2      | Identified 5 scrolls of remove curse
  1684 | D:2      | Reached skill level 3 in Spellcasting
  1734 | D:2      | Reached XP level 4. HP: 28/30 MP: 5/8
  2166 | D:2      | Reached skill level 5 in Necromancy
  2235 | D:2      | Found a faded altar of an unknown god.
  2278 | D:2      | Became a worshipper of Lugonu the Unformed
  2278 | D:2      | Reached * piety under Lugonu
  2278 | D:2      | Reached ** piety under Lugonu
  2420 | D:3      | Noticed Robin
  2923 | D:3      | Noticed an ogre
  2994 | D:3      | Learned a level 3 spell: Vampiric Draining
  2996 | D:3      | Learned a level 1 spell: Animate Skeleton
  3000 | D:3      | Learned a level 3 spell: Regeneration
  3122 | D:3      | Identified 5 scrolls of identify
  3122 | D:3      | Identified 2 potions of lignification
  3123 | D:3      | Identified 2 potions of curing
  3124 | D:3      | Identified a potion of ambrosia
  3125 | D:3      | Identified a potion of agility
  3126 | D:3      | Identified a potion of might
  3161 | D:3      | Reached XP level 5. HP: 27/35 MP: 5/10
  3351 | D:3      | Killed Robin
  3621 | D:3      | HP: 1/35 [acid (10)]
  3971 | D:3      | You fall through a shaft!
  4323 | D:4      | Reached XP level 6. HP: 40/41 MP: 8/11
  4409 | D:4      | Noticed an eye of draining
  4410 | D:4      | Found an opulent altar of Gozag.
  4449 | D:4      | Killed an eye of draining
  4449 | D:4      | Reached skill level 4 in Spellcasting
  4449 | D:4      | Reached skill level 6 in Necromancy
  4449 | D:4      | Reached skill level 1 in Invocations
  4915 | D:4      | Found Suyfatul's Distillery.
  4958 | D:4      | Reached *** piety under Lugonu
  5035 | D:5      | Entered Level 5 of the Dungeon
  5116 | D:5      | Reached XP level 7. HP: 24/46 MP: 13/13
  5443 | D:5      | Got a warped leather armour
  5506 | D:5      | Reached skill level 2 in Invocations
  5556 | D:4      | Identified the +2 leather armour "Xebbo" {rElec rPois MR+ Dex+3} (You found it on level 5 of the Dungeon)
  5685 | D:5      | Got a glittering silver ring
  5698 | D:4      | Identified the ring of Egalitarianism {Int+7 Stlth-} (You found it on level 5 of the Dungeon)
  5922 | D:5      | Found a sacrificial altar of Ru.
  5981 | D:6      | Reached skill level 7 in Necromancy
  6077 | D:6      | Found a shadowy altar of Dithmenos.
  6197 | D:6      | Noticed Blork the orc
  6206 | D:6      | You fall through a shaft!
  6338 | D:7      | Reached skill level 3 in Invocations
  6351 | D:7      | Reached skill level 5 in Spellcasting
  6351 | D:7      | Reached XP level 8. HP: 39/52 MP: 0/15
  6458 | D:7      | Noticed a hornet
  6558 | D:6      | Found a runed door.
  6562 | D:6      | Noticed Crazy Yiuf
  6565 | D:6      | Killed Crazy Yiuf
  6685 | D:6      | Found a burning altar of Makhleb.
  6968 | D:6      | Reached skill level 8 in Necromancy
  6968 | D:6      | Reached skill level 4 in Invocations
  7170 | D:7      | Found a snail-covered altar of Cheibriados.
  7197 | D:7      | Killed a hornet
  7280 | D:7      | Found a staircase to the Ecumenical Temple.
  7295 | D:7      | Reached XP level 9. HP: 57/57 MP: 9/17
  7349 | D:7      | Reached skill level 5 in Invocations
  7491 | D:8      | Reached skill level 6 in Spellcasting
  7525 | D:8      | Reached **** piety under Lugonu
  7548 | D:8      | Reached skill level 9 in Necromancy
  8093 | D:8      | Identified a potion of degeneration
  8319 | D:8      | Identified a potion of heal wounds
  8555 | D:8      | Noticed a hippogriff
  8569 | D:8      | Killed a hippogriff
  8569 | D:8      | Reached skill level 6 in Invocations
  8680 | D:8      | Reached skill level 7 in Spellcasting
  8680 | D:8      | Reached skill level 10 in Necromancy
  9039 | D:8      | Reached XP level 10. HP: 57/63 MP: 15/20
  9115 | D:8      | Noticed Psyche
  9122 | D:8      | Banished Psyche
  9484 | D:9      | Reached skill level 7 in Invocations
 10122 | D:9      | Reached skill level 11 in Necromancy
 10137 | D:9      | Found a staircase to the Orcish Mines.
 10226 | D:9      | Identified 2 potions of flight
 10547 | D:9      | Reached skill level 1 in Fighting
 10547 | D:9      | Reached skill level 1 in Charms
 10565 | D:9      | Reached skill level 8 in Spellcasting
 10693 | D:10     | Entered Level 10 of the Dungeon
 10728 | D:10     | Reached skill level 2 in Fighting
 11157 | D:11     | Identified 2 scrolls of blinking
 11158 | D:11     | Identified 2 scrolls of recharging
 11159 | D:11     | Identified 3 scrolls of teleportation
 11160 | D:11     | Identified 2 scrolls of noise
 11161 | D:11     | Identified 2 scrolls of fear
 11162 | D:11     | Identified a scroll of random uselessness
 11163 | D:11     | Identified a scroll of summoning
 11164 | D:11     | Identified a scroll of magic mapping
 11194 | D:11     | Noticed a manticore
 11208 | D:11     | Killed a manticore
 11208 | D:11     | Reached skill level 2 in Charms
 11208 | D:11     | Reached skill level 8 in Invocations
 11219 | D:11     | Reached ***** piety under Lugonu
 11219 | D:11     | Reached skill level 3 in Fighting
 11228 | D:11     | Found a labyrinth entrance.
 11237 | Lab      | Entered a labyrinth
 11451 | Lab      | Noticed a minotaur
 11476 | Lab      | Killed a minotaur
 11476 | Lab      | Reached skill level 3 in Charms
 11476 | Lab      | Reached XP level 11. HP: 38/76 MP: 7/23
 11548 | D:11     | Found a flagged portal.
 11557 | Bailey   | Entered a bailey
 11809 | Bailey   | Reached skill level 4 in Fighting
 12262 | Bailey   | Reached skill level 9 in Invocations
 12663 | D:11     | Reached skill level 9 in Spellcasting
 12723 | D:11     | Reached skill level 4 in Charms
 13053 | D:11     | Reached skill level 5 in Fighting
 13125 | D:11     | Reached skill level 1 in Armour
 13170 | D:11     | Noticed a brown ugly thing
 13174 | D:11     | Killed a brown ugly thing
 13215 | D:11     | Found a staircase to the Lair.
 13593 | D:11     | Noticed an unseen horror
 13602 | D:11     | Killed an unseen horror
 13602 | D:11     | Reached skill level 2 in Armour
 14070 | D:10     | Reached skill level 3 in Armour
 14565 | D:10     | Found a portal to a secret trove of treasure.
 14627 | Lair:1   | Entered Level 1 of the Lair of Beasts
 14682 | Lair:1   | Reached skill level 1 in Polearms
 14682 | Lair:1   | Reached skill level 10 in Invocations
 14793 | Lair:1   | Identified a potion of resistance
 15008 | Lair:1   | Reached skill level 2 in Polearms
 15008 | Lair:1   | Reached XP level 12. HP: 58/87 MP: 18/25
 15047 | Lair:1   | Reached skill level 1 in Shields
 15103 | Lair:1   | Reached skill level 3 in Polearms
 15103 | Lair:1   | Reached skill level 2 in Shields
 15156 | Lair:1   | Reached skill level 3 in Shields
 15298 | Lair:1   | Reached skill level 4 in Polearms
 15361 | Lair:1   | Reached skill level 4 in Shields
 16150 | Lair:2   | Reached skill level 5 in Polearms
 16150 | Lair:2   | Reached skill level 5 in Shields
 16258 | Lair:2   | Noticed Fannar
 16270 | Lair:2   | Killed Fannar
 16593 | Lair:2   | Reached skill level 6 in Shields
 16681 | Lair:3   | Identified a scroll of vulnerability
 16682 | Lair:3   | Identified a scroll of amnesia
 16683 | Lair:3   | Identified a scroll of torment
 16692 | Lair:3   | Learned a level 3 spell: Confuse
 16838 | Lair:3   | Found a staircase to the Snake Pit.
 16907 | Lair:3   | Reached skill level 6 in Polearms
 16953 | Lair:3   | Noticed Snorg
 16979 | Lair:3   | Killed Snorg
 17293 | Lair:3   | Reached skill level 7 in Shields
 17347 | Lair:3   | Reached skill level 7 in Polearms
 17464 | Lair:3   | Reached ****** piety under Lugonu
 17486 | Lair:3   | Reached skill level 8 in Shields
 17567 | Lair:3   | Reached XP level 13. HP: 89/93 MP: 19/26
 18230 | Lair:3   | Noticed a seven-headed hydra
 18240 | Lair:3   | Killed a seven-headed hydra
 18448 | Lair:4   | Found a staircase to the Swamp.
 18502 | Lair:4   | Reached skill level 8 in Polearms
 18663 | Lair:4   | Noticed a five-headed hydra
 18687 | Lair:4   | HP: 3/93 [spatial distortion (2)]
 18702 | Lair:4   | Noticed a six-headed hydra
 18706 | Lair:4   | Banished a six-headed hydra
 18706 | Lair:4   | Reached skill level 9 in Shields
 18749 | Lair:4   | You fall through a shaft for 2 floors!
 18749 | Lair:6   | Entered Level 6 of the Lair of Beasts
 18776 | Lair:6   | Reached skill level 6 in Fighting
 18803 | Lair:6   | Reached skill level 9 in Polearms
 18958 | Lair:6   | Reached skill level 7 in Fighting
 19098 | Lair:6   | Reached skill level 10 in Polearms
 19119 | Lair:6   | Noticed a catoblepas
 19145 | Lair:6   | Killed a catoblepas
 19323 | Lair:6   | Noticed a catoblepas
 19346 | Lair:6   | Killed a catoblepas
 19449 | Lair:6   | Reached skill level 8 in Fighting
 19566 | Lair:6   | Noticed a catoblepas
 19595 | Lair:6   | Killed a catoblepas
 19687 | Lair:6   | Noticed RexxRaptorr's ghost (journeyman FoFi)
 19758 | Lair:6   | Noticed a five-headed hydra
 19760 | Lair:6   | Reached skill level 11 in Polearms
 19831 | Lair:6   | Banished a five-headed hydra
 19831 | Lair:6   | Reached XP level 14. HP: 77/106 MP: 4/27
 20080 | Lair:6   | Noticed Josephine
 20107 | Lair:6   | Killed from afar by Josephine

Skill      XL: |  1  2  3  4  5  6  7  8  9 10 11 12 13 |
---------------+----------------------------------------+-----
Spellcasting   | 3 4 5 7 8 9 |  9.6
Necromancy     | 5 6 7 8 10 11 | 11.0
Invocations    | 1 3 4 6 8 10 | 10.1
Fighting       | 3 5 8 |  8.6
Charms         | 3 4 |  4.0
Armour         | 3 |  3.7
Polearms       | 2 7 11 | 11.4
Shields        | 8 9 |  9.1
Dodging        | |  1.7
Stealth        | |  2.4

Action                   |  1- 3 |  4- 6 |  7- 9 | 10-12 | 13-15 || total
-------------------------+-------+-------+-------+-------+-------++-------
Melee: Unarmed           |       |    22 |       |       |       ||    22
       Spear             |       |    51 |    68 |       |       ||   119
       Quarterstaff      |       |       |   117 |   252 |       ||   369
       Scythe            |       |       |       |    56 |   326 ||   382
Throw: Throwing net      |       |       |       |     7 |     4 ||    11
 Cast: Pain              |    55 |   117 |   108 |   331 |    50 ||   661
       Vampiric Draining |       |    10 |    41 |   178 |    57 ||   286
       Regeneration      |       |       |       |     1 |     6 ||     7
Invok: Banish            |       |       |       |     3 |     7 ||    10
       Bend Space        |       |       |       |       |     2 ||     2
 Abil: Shaft Self        |       |     1 |     1 |       |     1 ||     3
       Dig               |       |       |       |     1 |     3 ||     4
Evoke: Wand              |       |       |       |    19 |       ||    19
       Sack of spiders   |       |       |       |     1 |       ||     1
  Use: Scroll            |     1 |     6 |     2 |    15 |     1 ||    25
       Potion            |       |     1 |     3 |     9 |     6 ||    19
 Stab: Distracted        |       |     1 |       |       |       ||     1
       Confused          |       |       |     1 |       |       ||     1
       Petrified         |       |       |       |     7 |       ||     7
       Petrifying        |       |       |       |     2 |       ||     2
       Held in net/web   |       |       |       |     2 |     4 ||     6
  Eat: Chunk             |     3 |    11 |    13 |    25 |     3 ||    55
       Beef jerky        |       |       |     1 |       |       ||     1
       Pizza             |       |       |       |     1 |     1 ||     2
       Royal jelly       |       |       |       |     1 |     2 ||     3
       Meat ration       |       |       |       |       |     1 ||     1
Armor: Robe              |     1 |    26 |       |       |       ||    27
       Skin              |       |    10 |    53 |     5 |       ||    68
       Leather armour    |       |       |    67 |   145 |    51 ||   263
Dodge: Dodged            |     3 |    56 |   153 |   326 |    98 ||   636
Block: Other             |       |       |       |    71 |       ||    71
       Reflection        |       |       |       |     6 |       ||     6
       Shield            |       |       |       |   146 |   268 ||   414
